 Dungeon Crawl Stone Soup version 0.31-a0-188-g5e087ee2ca (webtiles) character file.

Game seed: 182132677421985548

153 IdlyInterested the Slasher (level 5, -2/41 HPs)
             Began as a Demonspawn Fighter on June 23, 2023.
             Slain by an ogre
             ... wielding a +0 giant club
              (27 damage)
             ... on level 4 of the Dungeon.
             The game lasted 00:08:09 (2479 turns).

IdlyInterested the Slasher (Demonspawn Fighter)     Turns: 2479, Time: 00:08:09

Health: -2/41      AC:  4    Str: 17    XL:     5   Next: 12%
Magic:  5/5        EV: 10    Int:  9    God:
Gold:   94         SH:  9    Dex: 14    Spells: 4/4 levels left

rFire   + . .        a - +0 long sword
rCold   + . .        l - +0 kite shield
rNeg    . . .        h - +1 leather armour {rC+}
rPois   .            (helmet restricted)
rElec   .            (no cloak)
rCorr   .            (no gloves)
SInv    .            (no boots)
Will    .....        (no amulet)
Stlth   +            k - ring of protection from fire
HPRegen 0.26/turn    (no ring)
MPRegen 0.09/turn

%: no passive effects
@: no status effects
A: antennae 2, ignite blood 1
a: no special abilities


You were on level 4 of the Dungeon.
You visited 1 branch of the dungeon, and saw 4 of its levels.

You collected 195 gold pieces.
You spent 101 gold pieces at shops.

Inventory:

Hand Weapons
 a - a +0 long sword (weapon)
 j - a +0 falchion
 m - a +4 dagger of protection
 w - a +1 short sword of freezing
Missiles
 p - a curare-tipped dart
 q - 3 javelins
 x - 19 stones (quivered)
Armour
 c - a +0 buckler
 e - a +0 chain mail
 h - a +1 leather armour of cold resistance (worn)
 l - a +0 kite shield (worn)
Jewellery
 k - a ring of protection from fire (left hand)
Scrolls
 b - a scroll of blinking
 f - 3 scrolls of fog
 n - a scroll of amnesia
 o - 2 scrolls of teleportation
 u - a scroll of poison {unknown}
 v - a scroll of summoning
Potions
 d - 2 potions of might
 i - a potion of resistance
 r - 2 potions of brilliance
 s - 2 potions of enlightenment
 t - a potion of mutation
 z - 3 potions of haste
 A - a potion of invisibility


   Skills:
 - Level 3.0 Fighting
 * Level 3.7 Long Blades
 + Level 0.9 Throwing
 - Level 3.0 Armour
 - Level 1.0 Dodging
 + Level 3.4 Shields


You had 4 spell levels left.
You didn't know any spells.
Your spell library contained the following spells:

 Spells                   Type           Power      Damage    Failure   Level
 Blink                    Tloc           0%         N/A       90%         2
 Lesser Beckoning         Tloc           0%         N/A       90%         2
 Momentum Strike          Conj/Tloc      0%         3d8       90%         2
 Chain Lightning          Conj/Air       0%         N/A       100%        9
 Fire Storm               Conj/Fire      0%         5d1       100%        9
 Shatter                  Erth           0%         3d5*      100%        9


Dungeon Overview and Level Annotations

Branches:
Dungeon (4/15)
 Temple: D:4-7

Altars:
Okawaru

Shops:
D:3 *


Innate Abilities, Weirdness & Mutations

You have a pair of antennae on your head.
Your demonic aura sometimes causes spilled blood to erupt in flames.


Message History

Found a spear.
You see here a +0 spear.
You flicker for a moment.
A dart slug comes into view.
Found a robe.
You flicker back into view.
You slash the dart slug!
The dart slug is almost dead.
You block the dart slug's attack.
You hit the dart slug.
You kill the dart slug!
Found a buckler.
o - 2 scrolls of teleportation (gained 1)
Found a robe.
x - 20 stones (gained 4)
An ogre comes into view. It is wielding a +0 giant club.
Found 6 stones.
Throw: 3 darts (curare)
Press: ? - help, Shift-Dir - straight line, f - ogre
Aim: an ogre, wielding a +0 giant club (74% to hit)
You throw a curare-tipped dart.
The curare-tipped dart barely misses the ogre.
Throw: 2 darts (curare)
Press: ? - help, Shift-Dir - straight line, f/p - ogre
Aim: an ogre, wielding a +0 giant club (74% to hit)
You throw a curare-tipped dart.
The curare-tipped dart barely misses the ogre.
Throw: 20 stones
Press: ? - help, Q - select action, (/) - cycle Shift-Dir - straight line, f/p - ogre
Aim: an ogre, wielding a +0 giant club (74% to hit)
You throw a stone.
The stone hits the ogre but does no damage.
You slash the ogre!
The ogre is moderately wounded.
The ogre hits you with a +0 giant club!
You hit the ogre but do no damage.
The ogre is moderately wounded.
The ogre hits you with a +0 giant club!!
Ouch! That really hurt!
You die...

#.# #.[# ..
..# ## ##..
#.#####..# .#
#.##.##.####
#...[....# .#
#..#<..#...
######.#.## .#
#..#...#.#.
#.###.# .#
#.....#..#
#..#.#######.#
##.#.#..##
#.#..........#
##......#
#.#.####.##..#
#..#...#.
#.#.# #.##@○#
#........
#.#.# #...O.#
#...........
#.#.# ####....
...###...###
#^#.#
#..(.....
##.## #.#.#
.(....... #.#
#.. ##.####.#
#.# .# . .##
.# .


You could see an ogre.

Vanquished Creatures
  An iguana (D:4)
  2 adders (D:2)
  4 gnolls (D:2)
  2 worms (D:2)
  2 dart slugs
  2 orcs (D:3)
  4 bats
  5 endoplasms
  4 giant cockroaches
  6 goblins
  4 hobgoblins
  6 jackals
  2 quokkas (D:2)
  6 ball pythons
  4 frilled lizards
  3 kobolds
  4 rats
61 creatures vanquished.

Notes
Turn   | Place    | Note
-------+----------+-------------------------------------------
     0 | D:1      | IdlyInterested the Demonspawn Fighter began the quest for
                  | the Orb.
     0 | D:1      | Reached XP level 1. HP: 18/18 MP: 1/1
   287 | D:1      | Gained mutation: You have a pair of small antennae on your
                  | head. [demonic ancestry]
   287 | D:1      | Reached XP level 2. HP: 24/24 MP: 2/2
   761 | D:2      | Gained mutation: Your demonic aura sometimes causes spilled
                  | blood to erupt in flames. [demonic ancestry]
   761 | D:2      | Reached XP level 3. HP: 26/29 MP: 3/3
  1171 | D:2      | Gained mutation: You have a pair of antennae on your head.
                  | [demonic ancestry]
  1171 | D:2      | Reached XP level 4. HP: 13/35 MP: 4/4
  1174 | D:2      | Reached skill level 1 in Dodging
  1181 | D:2      | HP: 1/35 [worm (2)]
  1935 | D:3      | Found an iron altar of Okawaru.
  2026 | D:3      | Found Riecir's Assorted Antiques.
  2052 | D:3      | Bought a red potion for 23 gold pieces
  2052 | D:3      | Bought a scroll labelled NIBITIMNEGG for 26 gold pieces
  2052 | D:3      | Bought a scroll labelled YTAUDE KOSACOO for 26 gold pieces
  2052 | D:3      | Bought a scroll labelled ROS FUMMOIMOC for 26 gold pieces
  2368 | D:4      | Reached XP level 5. HP: 41/41 MP: 5/5
  2472 | D:4      | Noticed an ogre
  2479 | D:4      | Slain by an ogre

Illustrated notes

Levels and vault maps discovered:
D:1:      minmay_arrival_stair_chambers, layout_basic, serial_bayou_pond_b
D:2:      layout_basic, minmay_cupped
D:3:      layout_rooms, amcnicky_altar_gilded, serial_shops, shop,
          amcnicky_mini_pool_small
D:4:      layout_loops_ring, minmay_temple_entry_glass,
          ebering_ghost_inner_flame

Skill      XL: |  1  2  3  4 |
---------------+-------------+-----
Long Blades    | 2 3 |  3.7
Armour         | 3 |  3.0
Shields        | 3 |  3.4
Dodging        | 1 |  1.0
Fighting       | |  3.0
Throwing       | |  0.9

Action                     |  1- 3 |  4- 6 || total
---------------------------+-------+-------++-------
  Melee: Long sword        |    91 |   111 ||   202
  Throw: Stone             |     4 |    11 ||    15
         Javelin           |     1 |       ||     1
         Dart              |       |     3 ||     3
    Use: Scroll            |     1 |     7 ||     8
         Potion            |     1 |     2 ||     3
 Armour: Leather armour    |    38 |    32 ||    70
         Chain mail        |     2 |       ||     2
  Dodge: Dodged            |    62 |    46 ||   108
  Block: Buckler           |    28 |       ||    28
         Kite shield       |    21 |    59 ||    80

Table legend: (Time is in decaauts)
 A = Elapsed time spent in this place.
 B = Non-inter-level travel time spent in this place.
 C = Inter-level travel time spent in this place.
 D = Time resting spent in this place.
 E = Time spent auto-exploring this place.
 F = Levels seen in this place.
 G = Mean time per level.
                   A        B        C        D        E       F      G
               +--------+--------+--------+--------+--------+-----+--------+
         Total |   2561 |   2302 |    259 |    213 |   1261 |   4 |  640.2 |
       Dungeon |   2561 |   2302 |    259 |    213 |   1261 |   4 |  640.2 |
               +--------+--------+--------+--------+--------+-----+--------+

Top non-repeatable levels by time:
     D:2: 1294 daAuts
     D:1: 649 daAuts
     D:3: 472 daAuts
     D:4: 145 daAuts
